 Dungeon Crawl Stone Soup version 0.31-a0-632-g766dd24fdf (webtiles) character file.

Game seed: 17809816111060792058

4540 javelincjr the Ruffian (level 10, 0/130 HPs)
             Began as a Troll Shapeshifter on Aug 25, 2023.
             Was a Priest of Hepliaklqana.
             Slain by a seven-headed hydra (6 damage)
             ... on level 8 of the Dungeon.
             The game lasted 00:42:16 (5063 turns).

javelincjr the Ruffian (Troll Shapeshifter)         Turns: 5063, Time: 00:42:17

Health: 0/130      AC:  7    Str: 25 (27) XL:     10   Next: 17%
Magic:  0/12       EV: 16    Int:  4 (6)  God:    Hepliaklqana [***...]
Gold:   124        SH:  0    Dex:  9 (10) Spells: 9/9 levels left

rFire   . . .        n - +5 quarterstaff (chaos)
rCold   . . .        (shield currently unavailable)
rNeg    . . .        e - +0 steam dragon scales
rPois   .            (helmet currently unavailable)
rElec   .            o - melded +1 cloak
rCorr   .            (gloves unavailable)
SInv    .            (boots unavailable)
Will    ++...        r - amulet of guardian spirit Stlth
                     z - +5 ring of evasion
HPRegen 1.21/turn    x - ring of willpower
MPRegen 0.13/turn

%: guardian spirit
@: berserking, beast-form, attractive, enlightened, flying, very quick
A: beast (slay +3), reduced essence, large, unfitting armour, claws 3,
regeneration 1, shaggy fur 1, tough skin 1
a: Begin Untransformation, Renounce Religion, Recall Ancestor, Ancestor
Identity, Transference


You were on level 8 of the Dungeon.
You worshipped Hepliaklqana.
Hepliaklqana was most pleased with you.
You were a hulking beast.
You visited 2 branches of the dungeon, and saw 9 of its levels.

You collected 221 gold pieces.
You spent 97 gold pieces at shops.

Inventory:

Hand Weapons
 f - a +0 short sword of distortion
 n - a +5 quarterstaff of chaos (weapon)
Missiles
 k - 19 poisoned darts
Armour
 a - a +0 animal skin
 e - +0 steam dragon scales (worn)
 o - a +1 cloak (melded)
Jewellery
 r - an amulet of guardian spirit (around neck)
 x - a ring of willpower (right claw)
 z - a +5 ring of evasion (left claw)
 E - a ring of positive energy
Talismans
 c - a beast talisman (active)
 d - a flux talisman
 j - a serpent talisman
Wands
 w - a wand of roots (14)
Scrolls
 p - 3 scrolls of enchant armour
 s - a scroll of fear {unknown}
 t - a scroll of summoning {unknown}
 u - a scroll of teleportation {unknown}
 v - 2 scrolls of revelation {unknown}
 A - a scroll of poison {unknown}
 C - a scroll of brand weapon {unknown}
Potions
 b - 3 potions of lignification
 g - 2 potions of resistance
 h - a potion of degeneration
 l - 4 potions of haste
 q - a potion of cancellation {unknown}
 B - 3 potions of berserk rage
 D - a potion of curing {unknown}
 F - a potion of invisibility {unknown}
 H - a potion of mutation {unknown}


   Skills:
 + Level 5.6 Fighting
 + Level 3.7 Staves
 + Level 5.7 Dodging
 + Level 7.3 Unarmed Combat
 + Level 4.0 Invocations
 + Level 6.7 Shapeshifting


You had 9 spell levels left.
You didn't know any spells.
Your spell library contained the following spells:

 Spells                   Type           Power      Damage    Failure   Level
 Apportation              Tloc           0%         N/A       50%         1
 Necrotise                Necr           0%         1d4       50%         1
 Summon Small Mammal      Summ           0%         N/A       50%         1
 Stone Arrow              Conj/Erth      0%         3d7       86%         3
 Anguish                  Hex/Necr       0%         N/A       99%         4
 Cause Fear               Hex            0%         N/A       99%         4
 Manifold Assault         Tloc           0%         N/A       99%         4
 Dispersal                Tloc           0%         N/A       100%        6
 Leda's Unmaking          Conj/Erth      0%         9d1       100%        6
 Enfeeble                 Hex            0%         N/A       100%        7
 Disjunction              Tloc           0%         N/A       100%        8
 Shatter                  Erth           0%         3d5*      100%        9


Dungeon Overview and Level Annotations

Branches:
Dungeon (8/15)             Temple (1/1) D:6
   Lair: D:8-11

Altars:
Ashenzari
Cheibriados
Dithmenos
Elyvilon
Fedhas
Gozag
Hepliaklqana
Makhleb
Nemelex Xobeh
Okawaru
Ru
Sif Muna
Uskayaw
Vehumet
Wu Jian
Xom
Zin
The Shining One

Shops:
D:6 ?


Innate Abilities, Weirdness & Mutations

You are a hulking beast.
Your limbs bulge with bestial killing power. (Slay +3)
Your life essence is reduced to manifest your ancestor. (-10% HP)
You are too large for most types of armour.
You have claws for hands.
Your natural rate of healing is unusually fast.
You are covered in fur. (AC +1)
You have tough skin. (AC +1)


Message History

Tenoch is knocked back by the gust of wind.
The wind drake begins repelling missiles!
The wind drake flaps its wings at you. The air twists around and strikes you!
* * * LOW HITPOINT WARNING * * *
Okay, then.
It was a potion of degeneration.
There was something very wrong with that liquid.
You feel weakened.
You feel dopey.
You feel clumsy.
The wind drake exhales a fierce blast of wind!
It was a potion of attraction.
You feel attractive to monsters.
Tenoch casts a spell at the wind drake.
The wind drake repels the puff of frost!
The wind drake is attracted toward you.
The seven-headed hydra is attracted toward you.
Blink to where?
Press: ? - help, Q - select action, (/) - cycle Dir - move target
As you read the scroll of blinking, it crumbles to dust.
The wind drake is attracted toward you.
The seven-headed hydra is attracted toward you.
It was a potion of enlightenment.
You feel very buoyant.
You fly up into the air.
The wind drake flaps its wings at you. The air twists around and strikes you!
* * * LOW HITPOINT WARNING * * *
The wind drake is attracted toward you.
The seven-headed hydra is attracted toward you.
A red film seems to cover your vision as you go berserk!
You feel yourself moving faster!
You feel mighty!
The wind drake exhales a fierce blast of wind!
You bludgeon the seven-headed hydra!! You burn the seven-headed hydra.
The seven-headed hydra is moderately wounded.
The seven-headed hydra bites you but does no damage.
The seven-headed hydra bites you!
* * * LOW HITPOINT WARNING * * *
The seven-headed hydra closely misses you.
The seven-headed hydra misses you. The seven-headed hydra bites you.
You die...

... ##. ... ....#..#...## # #..
... ............ #..#.# #.#
#..#..#...# #..#.# #.#
#..#..#...# #..#.# #.#
#..#......##.. .##..#.#
#.#####........... . .......#
###...hk.§....#..###..#
#..#.####..†...D..............#
#..#.##.....#......#..#R.###...
###.........#####.....R.§........
..........### ###.....#§.###.#.
###.....### ###............
#.....### ###.....##.#. ....###
###..... ..### ###....


You could see the friendly Tenoch the battlemage, a seven-headed hydra and a
wind drake (agile, repels missiles, catching breath, ally target).

Vanquished Creatures
  A komodo dragon (D:8)
  A shadow (D:6)
  A wraith (D:6)
  A floating eye (shapeshifter) (D:7)
  A water moccasin (D:7)
  2 ice beasts
  4 ogres
  4 centaurs
  2 bullfrogs (D:7)
  3 scorpions
  3 wights
  Crazy Yiuf (D:2)
  3 hounds
  A jelly (D:6)
  A gnoll bouda (D:4)
  6 orc priests
  3 iguanas
  2 sleepcaps
  5 orc wizards
  6 gnolls
  9 adders
  2 white imps
  2 dart slugs (D:4)
  31 orcs
  6 ball pythons
  6 bats
  8 endoplasms
  3 giant cockroaches
  6 goblins
  12 hobgoblins
  12 jackals
  5 quokkas
  4 frilled lizards
  12 kobolds
  9 rats
178 creatures vanquished.

Vanquished Creatures (collateral kills)
  A gargoyle (D:6)
  Joseph (D:8)
  A shadow (D:7)
  A steam dragon (D:7)
  Menkaure (D:7)
  A vampire mosquito (D:8)
  An orc warrior (D:8)
  A phantom (D:7)
  A bullfrog (D:7)
  A howler monkey (D:6)
  2 hounds (D:7)
  An orc wizard (D:8)
  2 sleepcaps (D:8)
  2 gnolls
  3 adders (D:6)
  5 orcs (D:7)
  3 goblins (D:7)
  3 hobgoblins (D:7)
  A kobold (D:7)
32 creatures vanquished.

Vanquished Creatures (others)
  An ancestor (D:6)
  2 battlemagi
  An orc (D:7)
4 creatures vanquished.

Grand Total: 214 creatures vanquished

Notes
Turn   | Place    | Note
-------+----------+-------------------------------------------
     0 | D:1      | javelincjr the Troll Shapeshifter began the quest for the
                  | Orb.
     0 | D:1      | Reached XP level 1. HP: 18/18 MP: 0/0
     6 | D:1      | Noticed a swamp drake
     6 | D:1      | Noticed a polar bear
     6 | D:1      | Noticed an iguana
     7 | D:1      | Noticed a black mamba
     7 | D:1      | Noticed a killer bee
    88 | D:1      | Reached skill level 1 in Fighting
    92 | D:1      | Reached XP level 2. HP: 27/27 MP: 1/1
   236 | D:1      | Reached XP level 3. HP: 33/33 MP: 2/2
   644 | D:2      | Reached XP level 4. HP: 37/42 MP: 3/3
  1032 | D:2      | Found a runed translucent door.
  1033 | D:2      | Noticed Crazy Yiuf
  1040 | D:2      | Killed Crazy Yiuf
  1124 | D:3      | Found a hazy altar of Hepliaklqana.
  1131 | D:3      | Found a white marble altar of Elyvilon.
  1174 | D:3      | Reached XP level 5. HP: 49/49 MP: 4/4
  1266 | D:3      | Became a worshipper of Hepliaklqana the Forgotten
  1452 | D:3      | Got the Guide on the Anticline
  1635 | D:4      | Reached skill level 4 in Unarmed Combat
  1781 | D:4      | Reached XP level 6. HP: 36/59 MP: 5/5
  2223 | D:5      | Entered Level 5 of the Dungeon
  2296 | D:5      | Reached * piety under Hepliaklqana
  2312 | D:5      | Reached XP level 7. HP: 37/60 MP: 3/6
  2421 | D:5      | Reached skill level 5 in Unarmed Combat
  2462 | D:5      | Reached skill level 5 in Shapeshifting
  2496 | D:5      | Identified the +6 barding "Fonu" {rC+}
  3101 | D:5      | Reached XP level 8. HP: 60/70 MP: 5/7
  3179 | D:6      | Found a staircase to the Ecumenical Temple.
  3387 | D:6      | Reached ** piety under Hepliaklqana
  3388 | D:6      | Remembered your ancestor Tenoch as a battlemage
  3399 | D:6      | Reached skill level 1 in Staves
  3399 | D:6      | Reached skill level 1 in Invocations
  3605 | D:6      | Noticed a gargoyle
  3615 | D:6      | Killed a gargoyle
  3616 | D:6      | Reached skill level 6 in Unarmed Combat
  3740 | D:6      | Found Igogar's Magic Scroll Shoppe.
  3748 | D:6      | Bought a scroll of blinking for 97 gold pieces
  3795 | D:6      | Reached XP level 9. HP: 67/76 MP: 6/9
  4121 | Temple   | Entered the Ecumenical Temple
  4165 | D:7      | Reached skill level 5 in Dodging
  4219 | D:7      | an orc warrior changed into a glowing shapeshifter
  4219 | D:7      | Noticed a glowing shapeshifter (glowing shapeshifter)
  4219 | D:7      | a glowing shapeshifter changed into a snapping turtle
  4225 | D:7      | Noticed an elephant
  4228 | D:7      | an elephant changed into a culicivora
  4229 | D:7      | a culicivora changed into a lindwurm
  4229 | D:7      | Noticed a lindwurm (glowing shapeshifter)
  4235 | D:7      | a lindwurm changed into a faun
  4235 | D:7      | Noticed a faun (glowing shapeshifter)
  4237 | D:7      | a faun changed into a floating eye
  4239 | D:7      | Reached skill level 5 in Fighting
  4436 | D:7      | Noticed Menkaure
  4444 | D:7      | Killed Menkaure
  4445 | D:7      | Reached skill level 7 in Unarmed Combat
  4889 | D:8      | Noticed Joseph
  4898 | D:8      | Killed Joseph
  4899 | D:8      | Reached XP level 10. HP: 54/86 MP: 7/11
  4946 | D:8      | Reached *** piety under Hepliaklqana
  5053 | D:8      | Noticed a seven-headed hydra
  5063 | D:8      | HP: 6/130 [seven-headed hydra (10)]
  5063 | D:8      | Slain by a seven-headed hydra

Illustrated notes

Levels and vault maps discovered:
D:1:      onia_arrival_zoo_common, layout_rooms
D:2:      layout_basic, minmay_close_crescents, uniq_crazy_yiuf_cottage
D:3:      layout_rooms, mainiacjoe_overflow_large_starburst, kennysheep_path_1,
          nicolae_the_louvre
D:4:      layout_rooms, minmay_distorted
D:5:      layout_basic
D:6:      layout_basic, minmay_temple_entry_proselytizer, serial_shops, shop,
          chequers_arboretum, kb_rosetta
D:7:      corexii_shantytown, layout_rooms, chequers_hall_statues_wall_a,
          uniq_menkaure
D:8:      minmay_diamond_stairs, layout_basic, lair_entry_dummy, uniq_joseph
Temple:   kb_temple_of_zot

Skill      XL: |  1  2  3  4  5  6  7  8  9 10 |
---------------+-------------------------------+-----
Fighting       | 1 2 3 4 5 |  5.6
Dodging        | 2 3 4 5 |  5.7
Unarmed Combat | 4 5 6 7 |  7.3
Shapeshifting  | 4 5 6 |  6.7
Staves         | 2 3 |  3.7
Invocations    | 2 3 4 |  4.0

Action                     |  1- 3 |  4- 6 |  7- 9 | 10-12 || total
---------------------------+-------+-------+-------+-------++-------
  Melee: Unarmed           |    34 |       |       |       ||    34
         Punch             |     2 |     1 |       |       ||     3
         Short sword       |   105 |    42 |       |       ||   147
         Quarterstaff      |       |    89 |   184 |    36 ||   309
 Invoke: Ancestor Life: Ba |       |       |     1 |       ||     1
         Recall Ancestor   |       |       |     1 |       ||     1
    Use: Scroll            |       |       |     7 |     1 ||     8
         Potion            |       |       |       |     4 ||     4
   Stab: Sleeping          |       |     1 |     2 |       ||     3
         Distracted        |       |       |     1 |       ||     1
 Armour: Animal skin       |    45 |    35 |    15 |       ||    95
         Steam dragon scal |       |       |    22 |     8 ||    30
  Dodge: Dodged            |    66 |    97 |   142 |    32 ||   337
         Form:             |       |     1 |       |       ||     1
         Beast             |       |     1 |       |       ||     1

Table legend: (Time is in decaauts)
 A = Elapsed time spent in this place.
 B = Non-inter-level travel time spent in this place.
 C = Inter-level travel time spent in this place.
 D = Time resting spent in this place.
 E = Time spent auto-exploring this place.
 F = Levels seen in this place.
 G = Mean time per level.
                   A        B        C        D        E       F      G
               +--------+--------+--------+--------+--------+-----+--------+
         Total |   5138 |   4918 |    220 |     92 |   3463 |   9 |  570.9 |
       Dungeon |   5132 |   4912 |    220 |     92 |   3463 |   8 |  641.5 |
        Temple |      6 |      6 |      0 |      0 |      0 |   1 |    6.0 |
               +--------+--------+--------+--------+--------+-----+--------+

Top non-repeatable levels by time:
     D:6: 996 daAuts
     D:5: 965 daAuts
     D:7: 737 daAuts
     D:2: 673 daAuts
     D:4: 620 daAuts
     D:3: 503 daAuts
     D:1: 456 daAuts
     D:8: 180 daAuts
  Temple: 6 daAuts
